 Dungeon Crawl Stone Soup version 0.31.0-32-g396128a36d (webtiles) character file.

Game seed: 1404485063892749856

4 James the Scratcher (level 1, 0/12 HPs)
             Began as a Felid Fighter on Apr 21, 2024.
             Killed from afar by a dart slug (3 damage)
             ... with a slug dart
             ... on level 1 of the Dungeon.
             The game lasted 00:00:52 (394 turns).

James the Scratcher (Felid Fighter)                  Turns: 394, Time: 00:00:52

Health: 0/12       AC:  1    Str: 12    XL:     1   Next: 58%
Magic:  2/2        EV: 18    Int: 11    God:
Gold:   13         SH:  0    Dex: 15    Spells: 0/0 levels left
                                        Lives:  0   Deaths: 1

rFire   . .          .
                       - Unarmed
rCold   . . .        (shield unavailable)
rNeg    . . .        (body armour unavailable)
rPois   .            (helmet unavailable)
rElec   .            (cloak unavailable)
rCorr   .            (gloves unavailable)
SInv    +            (boots unavailable)
Will    .....        (no amulet)
Stlth   +            (no ring)
HPRegen 0.22/turn    (no ring)
MPRegen 0.08/turn

%: no passive effects
@: no status effects
A: very small, claws 1, fangs 3, see invisible, shaggy fur 1, stealthy paws, no
weapons or thrown items, no armour, multi-lived
a: no special abilities


You were on level 1 of the Dungeon.
You visited 1 branch of the dungeon, and saw 1 of its levels.

You collected 13 gold pieces.

Inventory:

Scrolls
 c - 2 scrolls of identify {unknown}
 d - a scroll of immolation {unknown}
Potions
 a - a potion of might
 b - a potion of cancellation {unknown}
 e - a potion of attraction {unknown}
 f - a potion of brilliance {unknown}


   Skills:
 - Level 3.0 Fighting
 - Level 4.0 Dodging
 + Level 4.2 Unarmed Combat


You couldn't memorise any spells.
You didn't know any spells.
Your spell library was empty.

Dungeon Overview and Level Annotations

Branches:
Dungeon (1/15)

Altars:


Innate Abilities, Weirdness & Mutations

You have sharp claws.
You have razor-sharp teeth.
You have supernaturally acute eyesight. (SInv)
You are covered in fur. (AC +1)
Your paws help you pounce on unaware monsters.
You are incapable of wielding weapons or throwing items.
You cannot wear armour.
You gain extra lives every three experience levels.


Message History

The bat closely misses you. The bat completely misses you.
A bat is nearby!
You miss the bat. The bat hits you but does no damage.
You claw the bat!
You kill the bat!
No target in view!
No target in view!
You see here a bat corpse.
A dart slug is nearby!
No reachable target in view!
The dart slug launches a dart at you. The slug dart hits you.
The dart slug launches a dart at you. The slug dart hits you.
The dart slug launches a dart at you. The slug dart misses you.
The dart slug launches a dart at you. The slug dart misses you.
The dart slug bites you.
A dart slug is nearby!
The dart slug launches a dart at you. The slug dart misses you.
The dart slug completely misses you. The dart slug closely misses you.
The dart slug briefly extends its eye-stalks.
The dart slug completely misses you. The dart slug closely misses you.
The dart slug launches a dart at you. The slug dart misses you.
The dart slug launches a dart at you. The slug dart misses you.
The dart slug barely misses you. The dart slug launches a dart at you.
The slug dart hits you. The dart slug misses you.
The dart slug launches a dart at you. The slug dart hits you.
* * * LOW HITPOINT WARNING * * *
The dart slug bites you.
* * * LOW HITPOINT WARNING * * *
Unknown command.
Unknown command.
The dart slug barely misses you. The dart slug closely misses you.
Unknown command.
The dart slug misses you. The dart slug completely misses you.
The dart slug launches a dart at you. The slug dart hits you.
You die...

#.# ###........# #.# #.#
#......###.# #.#
#.###.#......#.###.#
##..........#.......#
######.............#.#####
.........≈≈≈≈≈.....#.#
.##....≈≈≈...≈≈≈.....#
###..≈≈≈...P...≈≈≈...#
###..≈...P...P.w@≈...#
.......P...<...P....##
###..≈...P...P...≈..#
#..≈≈≈...P...≈≈≈..#####
#....≈≈≈...≈≈≈...)....#.
##.....≈≈≈≈≈............#
##......................
#)#.............##.#..#
#####.........###...# .#
.#


You could see a dart slug.

Vanquished Creatures
  A ball python (D:1)
  2 kobolds (D:1)
  2 bats (D:1)
5 creatures vanquished.

Notes
Turn   | Place    | Note
-------+----------+-------------------------------------------
     0 | D:1      | James the Felid Fighter began the quest for the Orb.
     0 | D:1      | Reached XP level 1. HP: 12/12 MP: 2/2
   175 | D:1      | Killed from afar by a dart slug
   175 | D:1      | Lost a life (0 lives remaining)
   394 | D:1      | Killed from afar by a dart slug

Illustrated notes

Levels and vault maps discovered:
D:1:      mainiacjoe_arrival_oval_in_oval, layout_loops_cross

Action                     || total
---------------------------++-------
  Melee: Unarmed           ||    12
   Stab: Sleeping          ||     1
 Armour: Skin              ||    28
  Dodge: Dodged            ||    57
